 Dungeon Crawl Stone Soup version 0.31.0-9-g3a7656b989 (webtiles) character file.

Game seed: 14035175698400475865

212 qw the Shooter (level 5, -2/26 HPs)
             Began as a Spriggan Hunter on Feb 2, 2024.
             Succumbed to a scorpion's poison
             ... on level 4 of the Dungeon.
             The game lasted 00:00:07 (1946 turns).

qw the Shooter (Spriggan Hunter)                    Turns: 1946, Time: 00:00:08

Health: -2/26      AC:  2    Str:  7    XL:     5   Next: 58%
Magic:  6/6        EV: 21    Int: 10    God:
Gold:   141        SH:  0    Dex: 21    Spells: 4/4 levels left

rFire   . . .        a - +0 shortbow
rCold   . . .        (shield currently unavailable)
rNeg    . . .        c - +0 robe
rPois   .            (helmet restricted)
rElec   .            (no cloak)
rCorr   .            (gloves unavailable)
SInv    +            (boots unavailable)
Will    .....        (no amulet)
Stlth   ++           (no ring)
HPRegen 0.24/turn    (no ring)
MPRegen 0.10/turn

%: no passive effects
@: lethally poisoned (-2 -> -14), about to teleport, very quick
A: very small, no large weapons, unfitting armour, see invisible, speed 3
a: no special abilities


You were on level 4 of the Dungeon.
You visited 1 branch of the dungeon, and saw 4 of its levels.

You collected 141 gold pieces.


Innate Abilities, Weirdness & Mutations

You are very small and have problems with some larger weapons.
You are too small for most types of armour.
You have supernaturally acute eyesight. (SInv)
You cover ground extremely quickly. (Speed+++)


   Skills:
 - Level 2.0 Fighting
 + Level 5.7 Ranged Weapons
 - Level 5.3 Dodging
 - Level 1.5 Stealth


You had 4 spell levels left.
You didn't know any spells.
Your spell library was empty.

Inventory:

Hand Weapons
 a - a +0 shortbow (weapon)
Armour
 c - a +0 robe (worn)
Wands
 i - a wand of charming (5)
Scrolls
 b - a scroll of teleportation
Potions
 d - a potion of enlightenment
 e - a potion of magic {unknown}
 f - a potion of curing
 g - a potion of cancellation {unknown}

Dungeon Overview and Level Annotations

Branches:
Dungeon (4/15)
 Temple: D:4-7

Altars:
Yredelemnul


Message History

The kobold shouts!
You shoot an arrow. The arrow hits the kobold.
You kill the kobold!
You now have 141 gold pieces (gained 8).
A ball python comes into view.
You shoot an arrow. The arrow hits the ball python!
You kill the ball python!
A scorpion comes into view.
You shoot an arrow. The arrow hits the scorpion.
The scorpion is moderately wounded.
You shoot an arrow.
The arrow hits the scorpion but does no damage.
The scorpion is moderately wounded.
You shoot an arrow. The arrow hits the scorpion.
The scorpion is heavily wounded.
You shoot an arrow.
The arrow hits the scorpion but does no damage.
The scorpion is heavily wounded.
The scorpion stings you.
You are poisoned.
The scorpion poisons you! The scorpion barely misses you.
You shoot an arrow. The arrow hits the scorpion!
The scorpion is almost dead.
You feel very sick. The scorpion stings you.
You shoot an arrow.
The arrow hits the scorpion but does no damage.
The scorpion is almost dead.
You feel very sick. The scorpion misses you. The scorpion stings you.
You are more poisoned.
The scorpion poisons you!
1945 ||| READING 2 scrolls of teleportation.
As you read the scroll of teleportation, it crumbles to dust.
You feel strangely unstable.
You feel very sick. The scorpion closely misses you.
You shoot an arrow. The arrow hits the scorpion.
The scorpion is almost dead.
You die...

### #.. ... #..#..#
... #....%. ..
#...#.#.. ###..
#..#.#.###.#...
#......#.....#
###.s#..#.....#
#...@##........
#...............
#...............
#..........#....
#..#.#....##.....
#...##...........
#.............). .
##..................
#.##........#.......


You could see a scorpion.

Vanquished Creatures
  A bombardier beetle (D:3)
  Jessica (D:3)
  An iguana (D:4)
  A gnoll (D:1)
  5 adders
  2 dart slugs
  9 orcs
  2 endoplasms
  3 giant cockroaches
  5 goblins
  2 hobgoblins
  3 jackals (D:1)
  7 kobolds
  3 quokkas
  4 ball pythons
  5 bats
  2 frilled lizards
  7 rats
63 creatures vanquished.

Notes
Turn   | Place    | Note
-------+----------+-------------------------------------------
     0 | D:1      | qw the Spriggan Hunter began the quest for the Orb.
     0 | D:1      | Reached XP level 1. HP: 10/10 MP: 2/2
     0 | D:1      | 0 ||| qw: Version: 0.3-a-155-g5e7d8dd
     0 | D:1      | 0 ||| qw: Game counter: 438
     0 | D:1      | 0 ||| qw: Melee chars always use a shield: true
     0 | D:1      | 0 ||| qw: God list: Okawaru
     0 | D:1      | 0 ||| qw: Allow faded altars: false
     0 | D:1      | 0 ||| qw: Do Orc after clearing Dungeon:15 true
     0 | D:1      | 0 ||| qw: Do second Lair branch before Depths: true
     0 | D:1      | 0 ||| qw: Lair rune preference: random
     0 | D:1      | 0 ||| qw: Goals: Normal
     0 | D:1      | 0 ||| PLANNING D:1-11
   168 | D:1      | Reached skill level 3 in Dodging
   213 | D:1      | Reached XP level 2. HP: 9/14 MP: 3/3
   433 | D:1      | HP: 2/14 [rat (2)]
   815 | D:1      | Reached XP level 3. HP: 18/18 MP: 4/4
   988 | D:1      | 988 ||| READING scroll labelled AGGAS HIQEIZA.
   988 | D:1      | 988 ||| IDENTIFYING puce potion
   989 | D:1      | 989 ||| DROPPING scroll of butterflies.
  1022 | D:2      | Identified the +5 dagger "Cemomnya" {drain, rC++}
  1174 | D:2      | Reached XP level 4. HP: 19/22 MP: 5/5
  1287 | D:2      | Found a faded altar of an unknown god.
  1428 | D:2      | 1428 ||| READING scroll of identify.
  1428 | D:2      | 1428 ||| IDENTIFYING sapphire potion
  1429 | D:2      | 1429 ||| READING 2 scrolls labelled VAOPONANENA.
  1434 | D:2      | 1434 ||| READING 2 scrolls labelled YVUOMO KYTARPH.
  1435 | D:2      | 1435 ||| DROPPING scroll of fog.
  1549 | D:3      | Found a basalt altar of Yredelemnul.
  1619 | D:3      | Reached XP level 5. HP: 23/26 MP: 6/6
  1642 | D:3      | Noticed Jessica
  1651 | D:3      | Killed Jessica
  1848 | D:3      | 1848 ||| READING scroll labelled NIESHR GILOP.
  1944 | D:4      | HP: 4/26 [scorpion (6)]
  1945 | D:4      | 1945 ||| READING 2 scrolls of teleportation.
  1945 | D:4      | HP: 1/26 [poisoned by a scorpion]
  1946 | D:4      | Succumbed to a scorpion's poison

Levels and vault maps discovered:
D:1:      dpeg_cavernosity, layout_loops_ring
D:2:      minmay_spotlight, layout_rooms, chequers_ecumenical_altar_lobes
D:3:      layout_rooms, yredelemnul_altar_generic, uniq_jessica
D:4:      layout_cave_pools, minmay_temple_entry_mini_moons, uniq_ijyb

Skill      XL: |  1  2  3  4 |
---------------+-------------+-----
Dodging        | 4 5 |  5.3
Ranged Weapons | 5 |  5.7
Fighting       | 2 |  2.0
Stealth        | |  1.5

Action                     |  1- 3 |  4- 6 || total
---------------------------+-------+-------++-------
   Fire: Shortbow          |    83 |   116 ||   199
    Use: Scroll            |     1 |     5 ||     6
 Armour: Robe              |    17 |     7 ||    24
  Dodge: Dodged            |    26 |    32 ||    58

Table legend:
 A = Non-vault XP
 B = Vault XP
 C = Vault XP percentage of total XP
 D = Non-vault monster count
 E = Vault monster count
 F = Vault count percentage of total count
                 A         B        C        D         E       F
            +---------+---------+-------+---------+---------+-------
      Total |     254 |      50 |  16.4 |      55 |       8 |  12.7
            +---------+---------+-------+---------+---------+-------
        D:1 |      38 |       8 |  17.4 |      14 |       4 |  22.2
        D:2 |      69 |       5 |   6.8 |      14 |       3 |  17.6
        D:3 |      94 |      37 |  28.2 |      18 |       1 |   5.3
        D:4 |      53 |       0 |   0.0 |       9 |       0 |   0.0
            +---------+---------+-------+---------+---------+-------
